 Dungeon Crawl Stone Soup version 0.21.1-1-g345015f (webtiles) character file.

34 tidbits the Skirmisher (level 3, 21/35 HPs)
             Began as a Gnoll Wanderer on June 7, 2018.
             Was an Initiate of Cheibriados.
             Quit the game on level 3 of the Dungeon.
             The game lasted 00:05:39 (538 turns).

tidbits the Skirmisher (Gnoll Wanderer)              Turns: 538, Time: 00:05:39

Health: 21/35      AC:  5    Str: 14    XL:     3   Next: 31%
Magic:  4/4        EV: 11    Int: 18    God:    Cheibriados [......]
Gold:   129        SH:  0    Dex: 14    Spells: 3/3 levels left

rFire    . . .     SeeInvis .   a - +2 dagger
rCold    . . .     Gourm    .   (no shield)
rNeg     . . .     Faith    .   B - +0 ring mail
rPois    .         Spirit   .   (no helmet)
rElec    .         Reflect  .   (no cloak)
rCorr    .         Harm     .   (no gloves)
MR       .....                  (no boots)
Stlth    +++.......             (no amulet)
HPRegen  0.11/turn              (no ring)
MPRegen  0.09/turn              (no ring)

@: very slow
A: distributed training, fangs 1, strong nose
a: Bend Time, Renounce Religion


You were on level 3 of the Dungeon.
You worshipped Cheibriados.
Cheibriados was noncommittal.
You were not hungry.

You visited 1 branch of the dungeon, and saw 3 of its levels.

You collected 129 gold pieces.

Inventory:

Hand Weapons
 a - a +2 dagger (weapon)
 m - a +0 blowgun
Missiles
 g - 15 stones
 i - 2 javelins (quivered)
 n - 3 poisoned needles
Armour
 e - a +0 robe
 B - a +0 ring mail (worn)
Wands
 d - a wand of random effects (13)
Scrolls
 h - a scroll of teleportation
 l - a scroll of enchant armour
 o - a scroll of amnesia {unknown}
 p - a scroll of magic mapping {unknown}
Potions
 b - a potion of berserk rage
 c - a potion of lignification
 j - 3 potions of agility
 k - a potion of degeneration {unknown}
Comestibles
 f - 3 rations


   Skills:
 + Level 6.5 Fighting
 + Level 0.7 Short Blades
 + Level 0.7 Long Blades
 + Level 0.7 Axes
 + Level 0.7 Maces & Flails
 + Level 0.7 Polearms
 + Level 2.6 Staves
 + Level 0.7 Slings
 + Level 0.7 Bows
 + Level 0.7 Crossbows
 + Level 0.7 Throwing
 + Level 0.7 Armour
 + Level 2.6 Dodging
 + Level 6.0 Stealth
 + Level 2.6 Shields
 + Level 0.7 Unarmed Combat
 + Level 0.7 Spellcasting
 + Level 0.5 Conjurations
 + Level 0.5 Hexes
 + Level 0.5 Charms
 + Level 0.5 Summonings
 + Level 0.5 Necromancy
 + Level 0.5 Translocations
 + Level 0.5 Transmutations
 + Level 0.5 Fire Magic
 + Level 0.5 Ice Magic
 + Level 0.5 Air Magic
 + Level 0.5 Earth Magic
 + Level 0.5 Poison Magic
 + Level 0.9 Invocations
 + Level 2.6 Evocations


You had 3 spell levels left.
You didn't know any spells.

Dungeon Overview and Level Annotations

Branches:
Dungeon (3/15)

Altars:
Ashenzari
Cheibriados
Dithmenos
Elyvilon
Gozag
Kikubaaqudgha
Nemelex Xobeh
Okawaru
Qazlal
Trog


Innate Abilities, Weirdness & Mutations

Your experience applies equally to all skills.
You have very sharp teeth.
Your uncanny sense of smell can sniff out nearby items.


Message History

You kill the goblin!
Cheibriados thoroughly appreciates the change of pace.
You see here 4 gold pieces.
You now have 129 gold pieces (gained 4).
You hit the worm.
The worm is moderately wounded.
The worm closely misses you.
You hit the worm.
The worm is moderately wounded.
The worm misses you.
You hit the worm.
The worm is moderately wounded.
You hit the worm. You bite the worm.
The worm is heavily wounded.
The worm bites you!
You barely miss the worm.
The worm is heavily wounded.
You barely miss the worm.
The worm is heavily wounded.
The worm barely misses you.
You hit the worm but do no damage.
The worm is moderately wounded.
You completely miss the worm.
The worm is moderately wounded.
The worm bites you!
You hit the worm. You bite the worm, but do no damage.
The worm is heavily wounded.
The worm barely misses you.
You hit the worm.
The worm is heavily wounded.
You hit the worm but do no damage.
The worm is heavily wounded.
The worm bites you but does no damage.
You hit the worm. Your bite misses the worm.
The worm is severely wounded.
Your ring mail prevents you from hitting the worm.
You bite the worm.
The worm is severely wounded.
The worm bites you.
You hit the worm.
The worm is severely wounded.
You hit the worm.
The worm is almost dead.
The worm barely misses you.
You completely miss the worm. You bite the worm.
The worm is almost dead.
The worm misses you.
You hit the worm.
You kill the worm!
Your Stealth skill increases to level 6!
Things that are here:
a club; a goblin corpse Unknown command.
A bat comes into view.
Found a leather armour.
The bat hits you but does no damage.
You miss the bat. The bat closely misses you. The bat hits you.
You closely miss the bat. The bat closely misses you.
The bat hits you but does no damage.
You closely miss the bat. The bat barely misses you.
The bat hits you but does no damage.
You closely miss the bat. Your bite misses the bat.
The bat hits you but does no damage. The bat barely misses you.
The bat closely misses you.
You closely miss the bat. The bat hits you but does no damage.
The bat hits you.
You closely miss the bat. Your bite misses the bat. The bat barely misses you.
The bat hits you but does no damage.
Found a ration.
The bat hits you but does no damage. The bat barely misses you.
The bat hits you but does no damage.
You closely miss the bat. Your bite misses the bat. The bat hits you.
The bat hits you but does no damage.
You closely miss the bat. The bat closely misses you.
The bat hits you but does no damage.
You hit the bat.
The bat is moderately wounded.
The bat barely misses you.
Evoke which item? (* to show all) (? for menu, Esc to quit)
Really evoke
d - a wand of random effects (14)?
This could place you under penance! [Y]es or [N]o only, please.
Really evoke
d - a wand of random effects (14)?
This could place you under penance!
Aiming: Random Effects
Press: ? - help, Shift-Dir - straight line, f - bat
Aim: a bat (moderately wounded)
The fireball explodes!
The fireball engulfs the bat.
You kill the bat!
Cheibriados thoroughly appreciates the change of pace.
You hear a shout! x2; You hear an angry hiss.
You see here a ration.
f - 3 rations (gained 1)
An orc comes into view. It is wielding a club.
An orc comes into view.
The orc shouts!
You hear a shout!
The orc barely misses you.
An orc comes into view. It is wielding a dagger.
A worm comes into view.
The orc hits you but does no damage.
Are you sure you want to abandon this character and quit the game? (Confirm with "yes".)

.# ###.......... <#
#.####.##w. .# #.#
#.# .# #.# #o# # .#
#.# #.##.#.# .# #.#
##.##o#.# #####
##.###.......#
E#...##...##..##o###
##............##@#
..##.##...###.##.#
..## ##.####.##.#
..# #.........# ###
######.#### E# #.#
## ..# ####


You could see a worm and 3 orcs.

Vanquished Creatures
  An adder (D:3)
  An ooze (D:2)
  A worm (D:3)
  A dart slug (D:1)
  3 goblins
  2 hobgoblins
  4 bats
  A frilled lizard (D:1)
  3 kobolds
  A rat (D:2)
18 creatures vanquished.

Notes
Turn   | Place    | Note
-------+----------+-------------------------------------------
     0 | D:1      | tidbits the Gnoll Wanderer began the quest for the Orb.
     0 | D:1      | tidbits set off with: a +2 dagger, a potion of berserk rage, a potion of lignification, a wand of random effects (15), a +0 robe, a ration
     0 | D:1      | Reached XP level 1. HP: 23/23 MP: 2/2
    93 | D:1      | Reached XP level 2. HP: 28/29 MP: 3/3
   294 | D:2      | Found a shadowy altar of Dithmenos.
   305 | D:2      | Found a shattered altar of Ashenzari.
   308 | D:2      | Found a white marble altar of Elyvilon.
   309 | D:2      | Found a snail-covered altar of Cheibriados.
   310 | D:2      | Found an iron altar of Okawaru.
   310 | D:2      | Found an opulent altar of Gozag.
   310 | D:2      | Found a bloodstained altar of Trog.
   310 | D:2      | Found a sparkling altar of Nemelex Xobeh.
   310 | D:2      | Found an ancient bone altar of Kikubaaqudgha.
   313 | D:2      | Became a worshipper of Cheibriados the Contemplative
   362 | D:3      | Noticed an earth elemental
   363 | D:3      | Found a stormy altar of Qazlal.
   364 | D:3      | Noticed a water elemental
   365 | D:3      | Noticed an air elemental
   365 | D:3      | Noticed a fire elemental
   433 | D:2      | Reached XP level 3. HP: 35/35 MP: 4/4
   494 | D:3      | Reached skill level 6 in Stealth
   538 | D:3      | Quit the game

Skill      XL: |  1  2  3 |
---------------+----------+-----
Stealth        | 6 |  6.0
Fighting       | |  6.5
Short Blades   | |  0.7
Long Blades    | |  0.7
Axes           | |  0.7
Maces & Flails | |  0.7
Polearms       | |  0.7
Staves         | |  2.6
Slings         | |  0.7
Bows           | |  0.7
Crossbows      | |  0.7
Throwing       | |  0.7
Armour         | |  0.7
Dodging        | |  2.6
Shields        | |  2.6
Unarmed Combat | |  0.7
Spellcasting   | |  0.7
Conjurations   | |  0.5
Hexes          | |  0.5
Charms         | |  0.5
Summonings     | |  0.5
Necromancy     | |  0.5
Translocations | |  0.5
Transmutations | |  0.5
Fire Magic     | |  0.5
Ice Magic      | |  0.5
Air Magic      | |  0.5
Earth Magic    | |  0.5
Poison Magic   | |  0.5
Invocations    | |  0.9
Evocations     | |  2.6

Action                   || total
-------------------------++-------
Melee: Dagger            ||    68
       Bite              ||     9
 Fire: Blowgun           ||     4
Throw: Javelin           ||     1
Evoke: Wand              ||     2
  Use: Scroll            ||     3
 Stab: Sleeping          ||     4
Armor: Robe              ||    10
       Ring mail         ||    15
Dodge: Dodged            ||    50

Table legend:
 A = Turns spent in this place as a percentage of turns spent in the entire game.
 B = Non-inter-level travel turns spent in this place as a percentage of non-inter-level travel turns spent in the entire game.
 C = Inter-level travel turns spent in this place as a percentage of turns spent in this place.
 D = Turns resting spent in this place as a percentage of non-inter-level travel turns spent in this place.
 E = Turns spent auto-exploring this place as a percentage of non-inter-level travel turns spent in this place.
 F = Non-inter-level travel turns spent in this place divided by the number of levels of this place that you've seen.
                   A       B       C       D       E      F
               +-------+-------+-------+-------+-------+----------------------
         Total | 100.0 | 100.0 |   0.0 |   0.0 |   0.0 | 179.3
       Dungeon | 100.0 | 100.0 |   0.0 |   0.0 |   0.0 | 179.3
               +-------+-------+-------+-------+-------+----------------------

Table legend:
 A = Kills in this place as a percentage of kills in entire the game.
 B = Kills by you in this place as a percentage of kills by you in the entire game.
 C = Kills by friends in this place as a percentage of kills by friends in the entire game.
 D = Other kills in this place as a percentage of other kills in the entire game.
 E = Experience gained in this place as a percentage of experience gained in the entire game.
 F = Experience gained in this place divided by the number of levels of this place that you have seen.
                   A       B       C       D       E      F
               +-------+-------+-------+-------+-------+----------------------
         Total | 100.0 | 100.0 |   N/A |   N/A | 100.0 |  16.3
       Dungeon | 100.0 | 100.0 |   N/A |   N/A | 100.0 |  16.3
               +-------+-------+-------+-------+-------+----------------------

Vault maps used:
D:1:      denvon_arrival_waterhouse
D:2:      minitemple
D:3:      nicolae_qazlal_style_of_elements
